 Dungeon Crawl Stone Soup version 0.22.1-6-g1668fe2c40 (webtiles) character file.

71 Cykl0x the Skirmisher (level 4, -6/41 HPs)
             Began as a Minotaur Fighter on Jan 26, 2019.
             Mangled by an ogre
             ... wielding a +0 giant spiked club
              (20 damage)
             ... on level 3 of the Dungeon.
             The game lasted 00:04:28 (1777 turns).

Cykl0x the Skirmisher (Minotaur Fighter)            Turns: 1777, Time: 00:04:29

Health: -6/41      AC:  7    Str: 20    XL:     4   Next: 5%
Magic:  3/3        EV:  6    Int:  5    God:
Gold:   96         SH: 14    Dex: 11    Spells: 3/3 levels left

rFire    . . .     SeeInvis .   a - +0 war axe
rCold    . . .     Gourm    .   o - +0 large shield
rNeg     . . .     Faith    .   b - +0 scale mail
rPois    .         Spirit   .   (helmet restricted)
rElec    .         Reflect  .   (no cloak)
rCorr    .         Harm     .   (no gloves)
MR       .....                  (no boots)
Stlth    ..........             (no amulet)
HPRegen  0.13/turn              (no ring)
MPRegen  0.08/turn              (no ring)

@: no status effects
A: retaliatory headbutt, horns 2
a: no special abilities


You were on level 3 of the Dungeon.
You were not hungry.

You visited 1 branch of the dungeon, and saw 3 of its levels.

You collected 96 gold pieces.

Inventory:

Hand Weapons
 a - a +0 war axe (weapon)
Missiles
 i - 7 tomahawks
 n - 7 tomahawks of returning (quivered)
Armour
 b - a +0 scale mail (worn)
 c - a +0 shield
 o - a +0 large shield (worn)
Scrolls
 m - a scroll of teleportation
 q - 3 scrolls of identify
Potions
 d - a potion of might
 e - a potion of haste
 g - a potion of invisibility
 h - 2 potions of flight
 j - 2 potions of curing
 k - a potion of resistance {unknown}
 l - 2 potions of agility {unknown}
Comestibles
 f - 4 rations
 p - 6 chunks of flesh


   Skills:
 + Level 4.3 Fighting
 * Level 3.2 Axes
 + Level 0.2 Throwing
 + Level 4.1 Armour
 * Level 1.5 Dodging
 + Level 4.0 Shields


You had 3 spell levels left.
You didn't know any spells.
Your spell library was empty.

Dungeon Overview and Level Annotations

Branches:
Dungeon (3/15)

Altars:
Nemelex Xobeh
Okawaru
Trog
Uskayaw
The Shining One


Innate Abilities, Weirdness & Mutations

You reflexively headbutt those who attack you in melee.
You have a pair of horns on your head.


Message History

Found a ration.
The kobold throws a stone.
You block the stone.
You see here a hunting sling.
You barely miss the kobold. You block the kobold's attack.
You hit the kobold.
You kill the kobold!
Your Shields skill increases to level 4!
You slash the ogre! Your headbutt misses the ogre.
The ogre is moderately wounded.
The ogre hits you with a giant spiked club!!
Ouch! That really hurt!
* * * LOW HITPOINT WARNING * * *
Sorry, you're not good enough to have a special ability.
Unknown command.
Okay, then.
It was a potion of curing.
You feel better. The ogre completely misses you.
You hit the ogre. Your headbutt misses the ogre.
The ogre is heavily wounded.
The ogre hits you with a giant spiked club!!
You die...

#....##.##.#.....##########
####.##...................#
..##.....#.#.#....#.#####.#
#.#####......###'###.# #.#
#.#####.#....#≈≈(≈≈#.####.#
#.##....'...<#≈...≈#......#
#.##..#.#....#≈...≈#......#
#.##.........#≈..O≈#......#
#....#..######≈≈@≈≈########
######..#≈≈≈≈≈≈≈.≈≈≈≈≈≈≈ ##
#..#≈...≈≈♣.♣≈≈...≈ .#
#..#≈...........[.≈ .##
#..#≈%..≈≈♣.♣≈≈...≈ ..#
##.#≈≈≈≈≈≈≈.≈≈≈≈≈≈≈
#.#####.###### ≈.≈ #####
#....##.. ... ##...##.#


You could see an ogre.

Vanquished Creatures
  3 adders
  A worm (D:3)
  3 leopard geckos (D:2)
  A giant cockroach (D:1)
  2 goblins
  4 hobgoblins
  7 kobolds
  A quokka (D:2)
  8 bats
  4 frilled lizards
  6 rats
40 creatures vanquished.

Notes
Turn   | Place    | Note
-------+----------+-------------------------------------------
     0 | D:1      | Cykl0x the Minotaur Fighter began the quest for the Orb.
     0 | D:1      | Reached XP level 1. HP: 19/19 MP: 0/0
   150 | D:1      | Reached XP level 2. HP: 20/27 MP: 1/1
   745 | D:2      | Reached skill level 1 in Dodging
   832 | D:2      | Reached XP level 3. HP: 29/33 MP: 2/2
   842 | D:2      | Found a bloodstained altar of Trog.
  1060 | D:2      | Found a glowing golden altar of the Shining One.
  1309 | D:2      | Found a sparkling altar of Nemelex Xobeh.
  1404 | D:2      | Found a hide-covered altar of Uskayaw.
  1404 | D:2      | Found an iron altar of Okawaru.
  1681 | D:3      | Reached XP level 4. HP: 20/41 MP: 3/3
  1768 | D:3      | Noticed an ogre
  1777 | D:3      | Mangled by an ogre

Skill      XL: |  1  2  3  4 |
---------------+-------------+-----
Armour         | 4 |  4.1
Dodging        | 1 |  1.5
Fighting       | 4 |  4.3
Axes           | 3 |  3.2
Shields        | 4 |  4.0
Throwing       | |  0.2

Action                   |  1- 3 |  4- 6 || total
-------------------------+-------+-------++-------
Melee: War axe           |    98 |     5 ||   103
       Headbutt          |     9 |     1 ||    10
Throw: Tomahawk          |     3 |       ||     3
  Use: Scroll            |     9 |       ||     9
       Potion            |       |     1 ||     1
  Eat: Chunk             |     2 |     1 ||     3
Armor: Scale mail        |    42 |     1 ||    43
Dodge: Dodged            |    29 |     2 ||    31
Block: Shield            |     9 |       ||     9
       Large shield      |    69 |     5 ||    74
